 Dungeon Crawl Stone Soup version 0.21.0 (webtiles) character file.

48 tidbits the Sneak (level 3, -3/14 HPs)
             Began as a Felid Earth Elementalist on Jan 6, 2018.
             Was an Initiate of Cheibriados.
             Slain by a worker ant (7 damage)
             ... on level 4 of the Dungeon.
             The game lasted 00:06:00 (857 turns).

tidbits the Sneak (Felid Earth Elementalist)         Turns: 857, Time: 00:06:00

Health: -3/14      AC:  1    Str:  3 (6)  XL:     3   Next: 50%
Magic:  7/7        EV: 17    Int: 16 (17) God:    Cheibriados [......]
Gold:   86         SH:  0    Dex: 15 (17) Spells: 3/6 levels left
                                        Lives:  0   Deaths: 0

rFire    . . .     SeeInvis +     - Unarmed
rCold    . . .     Gourm    .   (shield unavailable)
rNeg     . . .     Faith    .   (armour unavailable)
rPois    .         Spirit   .   (helmet unavailable)
rElec    .         Reflect  .   (cloak unavailable)
rCorr    .         Harm     .   (gloves unavailable)
MR       .....                  (boots unavailable)
Stlth    +++.......             (no amulet)
HPRegen  0.04/turn              (no ring)
MPRegen  0.10/turn              (no ring)

@: lethally poisoned (-3 -> -7), flying, hasted, drained, very quick
A: very small, no armour, no weapons or thrown items, stealth, claws 1, fangs 3,
see invisible, carnivore, speed 1, shaggy fur 1, slow metabolism 1, sharp paws
a: Bend Time, Renounce Religion


You were on level 4 of the Dungeon.
You worshipped Cheibriados.
Cheibriados was noncommittal.
You were full.

You visited 1 branch of the dungeon, and saw 4 of its levels.

You collected 86 gold pieces.

Inventory:

Scrolls
 a - 2 scrolls of amnesia {unknown}
 g - a scroll of fear {unknown}
 i - a scroll of magic mapping {unknown}
 j - a scroll of enchant armour {unknown}
 k - a scroll of noise {unknown}
 l - a scroll of random uselessness {unknown}
 n - a scroll of enchant weapon {unknown}
Books
 d - a book of Geomancy

   Spells                             Type                      Level
   a - Sandblast                      Earth                        1
   b - Passwall                       Transmutation/Earth          2
   c - Stone Arrow                    Conjuration/Earth            3
   d - Petrify                        Transmutation/Earth          4
   e - Lee's Rapid Deconstruction     Earth                        5
Comestibles
 c - 2 rations


   Skills:
 - Level 2.6(2.4) Dodging
 + Level 4.4(4.1) Stealth
 + Level 2.1(1.9) Unarmed Combat
 - Level 2.0(1.7) Spellcasting
 - Level 1.1(0.8) Transmutations
 - Level 2.6(2.4) Earth Magic


You had 3 spell levels left.
You knew the following spells:

 Your Spells              Type           Power        Failure   Level  Hunger
a - Sandblast             Erth           #.....       8%          1    ##.....
p - Passwall              Tmut/Erth      #.........   16%         2    ###....


Dungeon Overview and Level Annotations

Branches:
Dungeon (4/15)
 Temple: D:4-7

Altars:
Cheibriados
Dithmenos


Innate Abilities, Weirdness & Mutations

You cannot wear armour.
You are incapable of wielding weapons or throwing items.
Your paws allow you to move quietly. (Stealth)
You have sharp claws.
You have razor-sharp teeth.
You have supernaturally acute eyesight. (SInv)
You are carnivorous and can eat meat at any time.
You cover ground quickly.
You are covered in fur. (AC +1)
You have a slow metabolism.
Your sharp claws are effective at attacking unaware monsters.


Message History

Found 8 gold pieces.
Found a shadowy altar of Dithmenos.
Found 11 gold pieces.
c - 2 rations (gained 1)
You now have 78 gold pieces (gained 11).
A hound comes into view.
The hound moves out of view.
You now have 86 gold pieces (gained 8).
Eating one of 2 chunks of flesh.
You eat one of the 2 chunks of flesh.
This raw flesh tastes great.
Eating a chunk of flesh.
You eat the chunk of flesh.
This raw flesh tastes great.
Found a golden potion.
A leopard gecko comes into view.
The leopard gecko hisses angrily.
The leopard gecko bites you.
Found a morningstar.
You see here a golden potion.
You barely miss the leopard gecko. Your bite misses the leopard gecko.
The leopard gecko closely misses you.
You scratch the leopard gecko but do no damage.
The leopard gecko barely misses you. The leopard gecko closely misses you.
You scratch the leopard gecko but do no damage.
The leopard gecko completely misses you.
You scratch the leopard gecko but do no damage.
The leopard gecko bites you.
You scratch the leopard gecko.
The leopard gecko is severely wounded.
The leopard gecko bites you.
* * * LOW HITPOINT WARNING * * *
You scratch the leopard gecko but do no damage.
The leopard gecko is severely wounded.
The leopard gecko misses you.
You barely miss the leopard gecko. Your bite misses the leopard gecko.
The leopard gecko is severely wounded.
The leopard gecko misses you.
Casting: Sandblast
Confirm with . or Enter, or press ? or * to list all spells.
Aiming: Sandblast
Press: ? - help, Shift-Dir - straight line, f - leopard gecko
Aim: a leopard gecko (severely wounded, clinging)
You don't have any stones to cast with.
You scratch the leopard gecko.
You kill the leopard gecko!
Cheibriados appreciates the change of pace.
m - a golden potion A worker ant comes into view.
You see here a leopard gecko corpse.
Found 20 bolts.
A worker ant comes into view.
The worker ant twitches its antennae in your direction.
Found a scale mail.
You aren't carrying any items that you can evoke.
Unknown command.
It was a potion of cancellation.
You feel magically purged. The worker ant closely misses you.
It was a potion of degeneration.
There was something very wrong with that liquid.
You feel weakened.
You feel dopey.
You feel clumsy. The worker ant closely misses you.
It was a potion of curing.
You feel better.
The worker ant completely misses you. x2
It was a potion of haste.
You feel yourself speed up.
Cheibriados forgives your accidental hurry, just this once.
The worker ant bites you!
Ouch! That really hurt!
* * * LOW HITPOINT WARNING * * *
You are lethally poisoned!
The worker ant poisons you!
It was a potion of flight.
You feel very buoyant.
You fly up into the air.
* * * LOW HITPOINT WARNING * * *
You feel sick. The worker ant barely misses you.
You scratch the worker ant but do no damage.
The worker ant misses you.
You scratch the worker ant but do no damage.
You scratch the worker ant but do no damage.
* * * LOW HITPOINT WARNING * * *
You feel sick. The worker ant barely misses you.
You scratch the worker ant but do no damage.
The worker ant closely misses you.
You completely miss the worker ant. The worker ant closely misses you.
You barely miss the worker ant. You scratch the worker ant.
The worker ant is lightly wounded.
* * * LOW HITPOINT WARNING * * *
You feel sick. The worker ant barely misses you.
You barely miss the worker ant.
The worker ant is lightly wounded.
The worker ant misses you.
You scratch the worker ant.
The worker ant is moderately wounded.
The worker ant barely misses you.
You scratch the worker ant.
The worker ant is heavily wounded.
You scratch the worker ant.
The worker ant is heavily wounded.
The worker ant bites you!
Ouch! That really hurt!
You die...

#........####.)#
# #............#
# ###......†...#
# #...######## #
#..## # #..#
##### ##..#
##....
#..#####...#
#.....
#[...a@...#
##.....
##.......##
#......
##.....##
#...... ##....#
####### #....#
...... .......
#########


You could see a worker ant.

Vanquished Creatures
  An adder (D:3)
  A dart slug (D:2)
  2 leopard geckos
  3 orcs
  A ball python (D:3)
  3 giant cockroaches
  3 goblins
  7 hobgoblins
  A jackal (D:2)
  A quokka (D:3)
  A bat (D:3)
  3 frilled lizards
  A kobold (D:1)
  A rat (D:3)
29 creatures vanquished.

Notes
Turn   | Place    | Note
-------+----------+-------------------------------------------
     0 | D:1      | tidbits the Felid Earth Elementalist began the quest for the Orb.
     0 | D:1      | Reached XP level 1. HP: 7/7 MP: 4/4
    85 | D:1      | Reached skill level 3 in Stealth
   153 | D:1      | Reached skill level 1 in Unarmed Combat
   177 | D:1      | Reached XP level 2. HP: 4/11 MP: 1/6
   181 | D:1      | Learned a level 2 spell: Passwall
   398 | D:3      | Reached skill level 4 in Stealth
   398 | D:3      | Reached XP level 3. HP: 11/14 MP: 1/7
   497 | D:3      | Reached skill level 2 in Unarmed Combat
   499 | D:3      | Found a snail-covered altar of Cheibriados.
   509 | D:3      | Became a worshipper of Cheibriados the Contemplative
   686 | D:4      | Found a shadowy altar of Dithmenos.
   857 | D:4      | Slain by a worker ant

Skill      XL: |  1  2  3 |
---------------+----------+-----
Stealth        | 3 4 |  4.4
Unarmed Combat | 1 2 |  2.1
Dodging        | |  2.6
Spellcasting   | |  2.0
Transmutations | |  1.1
Earth Magic    | |  2.6

Action                   || total
-------------------------++-------
Melee: Unarmed           ||    48
       Bite              ||     1
 Cast: Sandblast         ||    30
       Passwall          ||     2
  Use: Potion            ||     5
 Stab: Sleeping          ||    10
  Eat: Chunk             ||     4
Armor: Skin              ||     2
Dodge: Dodged            ||    44

Table legend:
 A = Turns spent in this place as a percentage of turns spent in the entire game.
 B = Non-inter-level travel turns spent in this place as a percentage of non-inter-level travel turns spent in the entire game.
 C = Inter-level travel turns spent in this place as a percentage of turns spent in this place.
 D = Turns resting spent in this place as a percentage of non-inter-level travel turns spent in this place.
 E = Turns spent auto-exploring this place as a percentage of non-inter-level travel turns spent in this place.
 F = Non-inter-level travel turns spent in this place divided by the number of levels of this place that you've seen.
                   A       B       C       D       E      F
               +-------+-------+-------+-------+-------+----------------------
         Total | 100.0 | 100.0 |   3.6 |   0.0 |   0.0 | 206.5
       Dungeon | 100.0 | 100.0 |   3.6 |   0.0 |   0.0 | 206.5
               +-------+-------+-------+-------+-------+----------------------

Table legend:
 A = Kills in this place as a percentage of kills in entire the game.
 B = Kills by you in this place as a percentage of kills by you in the entire game.
 C = Kills by friends in this place as a percentage of kills by friends in the entire game.
 D = Other kills in this place as a percentage of other kills in the entire game.
 E = Experience gained in this place as a percentage of experience gained in the entire game.
 F = Experience gained in this place divided by the number of levels of this place that you have seen.
                   A       B       C       D       E      F
               +-------+-------+-------+-------+-------+----------------------
         Total | 100.0 | 100.0 |   N/A |   N/A | 100.0 |  17.2
       Dungeon | 100.0 | 100.0 |   N/A |   N/A | 100.0 |  17.2
               +-------+-------+-------+-------+-------+----------------------

Vault maps used:
D:1:      dpeg_arrival_shrine
D:2:      minmay_misc_feat_alley
D:3:      overflow_temple_1_default, lemuel_crystal_altar,
          chequers_ecumenical_altar_simple, dk_xom_monty_hall
D:4:      grunt_dithmenos_smoke, roderic_roman_lattice, eino_tiny_chamber
